 Dungeon Crawl Stone Soup version 0.25.0-26-g0c896c7088 (webtiles) character file.

Game seed: 13733849053288951502

106 protoss039 the Chiller (level 4, 0/24 HPs)
             Began as a Deep Elf Ice Elementalist on July 2, 2020.
             Slain by a hornet zombie (12 damage)
             ... on level 4 of the Dungeon.
             The game lasted 00:05:49 (3431 turns).

protoss039 the Chiller (Deep Elf Ice Elementalist)  Turns: 3431, Time: 00:05:49

Health: 0/24       AC:  8    Str:  5    XL:     4   Next: 55%
Magic:  5/13       EV: 13    Int: 21    God:
Gold:   132        SH:  0    Dex: 15    Spells: 2/13 levels left

rFire    . . .     SeeInvis .   m - +1 dagger (elec)
rCold    . . .     Gourm    .   (no shield)
rNeg     . . .     Faith    .   a - +0 robe
rPois    .         Spirit   .   (no helmet)
rElec    .         Reflect  .   (no cloak)
rCorr    .         Harm     .   (no gloves)
MR       .....                  (no boots)
Stlth    +++.......             (no amulet)
HPRegen  0.08/turn              g - ring of stealth
MPRegen  0.13/turn              (no ring)

@: icy armour, very slightly contaminated
A: no striking features
a: no special abilities


You were on level 4 of the Dungeon.
You were hungry.

You visited 1 branch of the dungeon, and saw 4 of its levels.

You collected 132 gold pieces.

Inventory:

Hand Weapons
 m - a +1 dagger of electrocution (weapon)
Armour
 a - a +0 robe (worn)
Jewellery
 g - a ring of stealth (left hand)
Wands
 k - a wand of random effects (22)
 o - a wand of iceblast (19)
Scrolls
 e - 5 scrolls of identify {unknown}
 j - a scroll of amnesia {unknown}
 l - 2 scrolls of magic mapping {unknown}
Potions
 b - a potion of berserk rage {unknown}
 d - 3 potions of curing
 f - a potion of brilliance {unknown}
 h - a potion of flight {unknown}
 i - a potion of might {unknown}
 n - a potion of haste {unknown}
Comestibles
 c - 5 rations


   Skills:
 - Level 2.4 Dodging
 - Level 2.4 Stealth
 * Level 5.2 Spellcasting
 + Level 5.5 Ice Magic


You had 2 spell levels left.
You knew the following spells:

 Your Spells              Type           Power        Failure   Level  Hunger
a - Freeze                Ice            ####         1%          1    None
b - Frozen Ramparts       Ice            ####..       3%          3    ##.....
c - Ozocubu's Armour      Chrm/Ice       ###.....     11%         3    ##.....
d - Hailstorm             Conj/Ice       ###.....     34%         4    ####...

Your spell library contained the following spells:

 Spells                   Type           Power        Failure   Level  Hunger
 Summon Ice Beast         Ice/Summ       ###.....     34%         4    ####...


Dungeon Overview and Level Annotations

Branches:
Dungeon (4/15)
 Temple: D:4-7

Altars:

Annotations:
D:3 2 transporters, IHuginn's ghost, weakling DsNe


Message History

Unknown command.
Casting: Ozocubu's Armour (quite dangerous; 11% risk of failure)
Confirm with . or Enter, or press ? or * to list all spells.
Aiming: Freeze (safe; 1% risk of failure)
Press: ? - help, Shift-Dir - straight line, f - hornet zombie
Aim: a hornet zombie The hornet zombie resists.
You freeze the hornet zombie.
The hornet zombie is lightly damaged.
The hornet zombie hits you!
Ouch! That really hurt!
Casting: Freeze (safe; 1% risk of failure)
Confirm with . or Enter, or press ? or * to list all spells.
Aiming: Freeze (safe; 1% risk of failure)
Press: ? - help, Shift-Dir - straight line, f/p - hornet zombie
Aim: a hornet zombie (lightly damaged)
The hornet zombie resists.
You freeze the hornet zombie.
The hornet zombie is lightly damaged.
The hornet zombie hits you!
Ouch! That really hurt!
You die...

#.. .######..
#######.####........
...........(..).....
.?.....<.....######.
....................
.#####..#.###..##..#
####.[..##......##
##...............##
##Z@##.#............
.............#.#######..
#......#####...# #..
......# #<### #.. ##.#.#
#..# ##. .. .. #..## ##.
# ## #.# #.. .. #.. .##
#..


You could see a hornet zombie.

Vanquished Creatures
  3 adders
  3 dart slugs
  2 leopard geckos
  7 bats
  2 giant cockroaches (D:2)
  6 hobgoblins
  21 jackals
  8 kobolds
  2 quokkas
  5 frilled lizards
  2 goblins (D:2)
  A leopard gecko skeleton (D:4)
  3 rats
65 creatures vanquished.

Notes
Turn   | Place    | Note
-------+----------+-------------------------------------------
     0 | D:1      | protoss039 the Deep Elf Ice Elementalist began the quest
                  | for the Orb.
     0 | D:1      | Reached XP level 1. HP: 10/10 MP: 6/6
   270 | D:1      | Reached XP level 2. HP: 12/15 MP: 2/8
   890 | D:1      | Reached skill level 5 in Ice Magic
  1422 | D:2      | Reached XP level 3. HP: 19/19 MP: 8/10
  1435 | D:2      | Learned a level 3 spell: Frozen Ramparts
  2244 | D:2      | Reached XP level 4. HP: 19/24 MP: 7/12
  2503 | D:3      | Reached skill level 5 in Spellcasting
  3089 | D:3      | Found a transporter.
  3089 | D:3      | Noticed an ogre
  3089 | D:3      | Noticed IHuginn's ghost (weakling DsNe)
  3095 | D:3      | Found a transporter.
  3095 | D:3      | Noticed an ogre
  3288 | D:3      | Learned a level 3 spell: Ozocubu's Armour
  3293 | D:3      | Learned a level 4 spell: Hailstorm
  3431 | D:4      | Slain by a hornet zombie

Illustrated notes

Levels and vault maps discovered:
D:1:      heliophobic_arrival_enchanted_forest, layout_basic, minivault_25,
          minivault_4
D:2:      layout_loops_corners
D:3:      layout_loops_cross, first_ration, gammafunk_ghost_smash
D:4:      layout_rooms, chequers_serial_rivers_small_a

Skill      XL: |  1  2  3  4 |
---------------+-------------+-----
Ice Magic      | 5 |  5.5
Spellcasting   | 4 5 |  5.2
Dodging        | |  2.4
Stealth        | |  2.4

Action                   |  1- 3 |  4- 6 || total
-------------------------+-------+-------++-------
Melee: Unarmed           |    12 |       ||    12
       Dagger            |     9 |     7 ||    16
 Cast: Freeze            |    38 |    26 ||    64
       Frozen Ramparts   |     4 |     2 ||     6
       Ozocubu's Armour  |       |     1 ||     1
  Use: Potion            |     1 |       ||     1
 Stab: Sleeping          |     2 |     1 ||     3
  Eat: Chunk             |     4 |     3 ||     7
Armor: Robe              |     2 |     2 ||     4
Dodge: Dodged            |    34 |    11 ||    45
